 Dungeon Crawl Stone Soup version 0.27-a0-1105-g946c659c87 (webtiles) character file.

Game seed: 9694576682207358465

9925 Armakuni the Fighter (level 11, -5/95 HPs)
             Began as a Demigod Artificer on Apr 30, 2021.
             Slain by a rust devil (7 damage)
             ... summoned by a kobold demonologist
             ... in a bailey.
             The game lasted 00:36:58 (16386 turns).

Armakuni the Fighter (Demigod Artificer)           Turns: 16386, Time: 00:36:59

Health: -5/95      AC:  3    Str: 27      XL:     11   Next: 8%
Magic:  14/14      EV: 13    Int: 17      God:
Gold:   726        SH:  5    Dex: 13 (14) Spells: 8/10 levels left

rFire    + . .     SeeInvis .   a - +3 club (spect)
rCold    . . .     Faith    .   k - +0 buckler
rNeg     . . .     Spirit   .   p - +2 troll leather armour
rPois    .         Reflect  .   (no helmet)
rElec    .         Harm     .   w - scarf {+Inv}
rCorr    .         Rampage  .   l - +1 pair of gloves
Will     +....                  v - +0 pair of boots
Stlth    +.........             M - amulet of magic regeneration
HPRegen  1.25/turn              V - +6 ring of strength
MPRegen  0.39/turn              F - ring of protection from fire

@: corroded
A: high mp 1, forlorn
a: Evoke Invisibility


You were in a bailey.
You visited 1 branch of the dungeon, and saw 10 of its levels.
You also visited: Bailey.

You collected 726 gold pieces.

Inventory:

Hand Weapons
 a - a +3 spectral club (weapon)
 b - a +0 hand crossbow
 g - a +1 flail of draining
 h - a +0 quarterstaff
Missiles
 o - a curare-tipped dart (quivered)
 y - 22 bolts
Armour
 k - a +0 buckler (worn)
 l - a +1 pair of gloves (worn)
 p - a +2 troll leather armour (worn)
 r - a +0 plate armour
 v - a +0 pair of boots (worn)
 w - a scarf of invisibility (worn)
Jewellery
 F - a ring of protection from fire (right hand)
 M - an amulet of magic regeneration (around neck)
 V - a +6 ring of strength (left hand)
 W - a ring of wizardry
Scrolls
 e - 2 scrolls of amnesia
 m - a scroll of immolation
 n - 3 scrolls of identify
Potions
 c - 2 potions of attraction
 f - 2 potions of curing
 j - a potion of flight
 q - 3 potions of lignification
 u - 2 potions of brilliance
Miscellaneous
 x - a piece from Xom's chessboard (inert)


   Skills:
 - Level 8.5 Fighting
 - Level 5.0(7.0) Maces & Flails
 + Level 7.5(8.2) Staves
 - Level 8.5 Armour
 - Level 5.0 Dodging
 - Level 0.8 Stealth
 - Level 4.0 Shields
 - Level 2.6 Evocations


You had 8 spell levels left.
You knew the following spells:

 Your Spells              Type           Power      Damage    Failure   Level
w - Wereblood             Tmut           0%         N/A       36%         2

Your spell library contained the following spells:

 Spells                   Type           Power      Damage    Failure   Level
 Beastly Appendage        Tmut           0%         N/A       26%         1
 Confusing Touch          Hex            0%         N/A       61%         3
 Gell's Gravitas          Tloc           0%         N/A       61%         3
 Spider Form              Tmut/Pois      0%         N/A       61%         3
 Ice Form                 Ice/Tmut       0%         N/A       95%         4
 Petrify                  Tmut/Erth      0%         N/A       95%         4
 Hydra Form               Tmut           0%         N/A       100%        5
 Metabolic Englaciation   Hex/Ice        0%         N/A       100%        5
 Yara's Violent Unravell  Hex/Tmut       0%         3d3       100%        5


Dungeon Overview and Level Annotations

Branches:
Dungeon (10/15)            Temple (0/1) D:7            Lair (0/6) D:8
 Bailey (1/1)
    Orc: D:9-12

Shops:
D:2 (   D:4 !::??

Annotations:
D:3 1 runed translucent door
D:9 3 runed translucent doors


Innate Abilities, Weirdness & Mutations

Your attributes grow dramatically as you level up.
You have an increased reservoir of magic. (+10% MP)
You shall have no god before yourself.


Message History

Your spectral weapon hits the kobold demonologist.
The sixfirhy barely misses you. You block the sixfirhy's attack.
The sixfirhy barely misses you. The ufetubus barely misses you.
The ufetubus misses you. The rust devil hits you!
* * * LOW HITPOINT WARNING * * *
The rust devil corrodes you!
The kobold demonologist hits you but does no damage.
The kobold demonologist hits your spectral weapon with a +0 war axe.
Your spectral weapon shares its damage with you!
* * * LOW HITPOINT WARNING * * *
The sixfirhy hits you.
* * * LOW HITPOINT WARNING * * *
The sixfirhy shocks you!
* * * LOW HITPOINT WARNING * * *
The quasit bites you but does no damage.
You block the quasit's attack.
The quasit claws you but does no damage.
The ufetubus closely misses you.
The ufetubus hits you but does no damage.
You barely miss the kobold demonologist.
The kobold demonologist is heavily wounded.
Your spectral weapon hits the kobold demonologist.
The sixfirhy closely misses you. You block the sixfirhy's attack.
The rust devil misses you. The quasit misses you.
The quasit claws you but does no damage. x2
The ufetubus closely misses you. x2
The kobold demonologist hits your spectral weapon with a +0 war axe!
Your spectral weapon shares its damage with you!
The kobold demonologist completely misses you.
* * * LOW HITPOINT WARNING * * *
You hit the kobold demonologist but do no damage.
The kobold demonologist is severely wounded.
Your spectral weapon hits the kobold demonologist.
You block the ufetubus's attack. The ufetubus barely misses you.
The quasit bites you but does no damage.
The quasit barely misses you. The quasit claws you.
* * * LOW HITPOINT WARNING * * *
You feel clumsy. The rust devil hits you!
You die...

#≈≈≈≈≈≈.#.....
######.≈≈≈≈≈.#....
#......≈≈≈≈≈.#''####
##......≈≈≈≈≈.#.....#
............5.'.....#
∩..∩.......)..'..⌠..#
.........))...'.....#
#
##......≈≈≈≈≈.#4K5..#
.#.
#......≈≈≈≈≈.#(@#####
o.#.
######.≈≈≈≈≈.#53....#
...#[
#≈≈≈≈≈≈.#...).)#....#
#≈≈≈≈≈######).)....#
#≈≈≈≈≈# #.8.8.8.+
#≈≈≈≈≈# #.......#
#≈≈≈≈≈# #######+#
#≈≈≈≈≈# #≈≈≈≈≈#


You could see a rust devil (summoned), a kobold demonologist, a sixfirhy
(summoned), a quasit (summoned), a crimson imp (summoned), an ufetubus
(summoned) and a friendly +3 spectral club (summoned).

Vanquished Creatures
  An orc knight (Bailey)
  An orc sorcerer (Bailey)
  Psyche (D:9)
  A kobold demonologist (D:8)
  A troll (D:9)
  A hornet (D:8)
  3 wyverns
  A wraith (D:7)
  A basilisk (D:8)
  6 orc warriors
  13 yaks
  Duvessa (D:7)
  An acid dragon (D:9)
  A sky beast (D:6)
  An ice beast (D:7)
  A black bear (D:8)
  6 ogres
  2 necrophages
  5 centaurs
  2 phantoms
  A bullfrog (D:6)
  8 kobold brigands
  3 scorpions
  A water moccasin zombie (D:6)
  4 gnoll shamans
  2 gnoll sergeants
  Dowan (D:7)
  A water moccasin skeleton (D:4)
  11 killer bees
  2 wyvern skeletons
  A bullfrog zombie (D:6)
  A howler monkey (D:5)
  3 centaur zombies
  5 orc priests
  A hound (D:5)
  3 jellies
  A centaur skeleton (D:6)
  A bullfrog skeleton (D:5)
  Ijyb (D:3)
  2 iguanas
  A killer bee zombie (D:6)
  A howler monkey skeleton (D:5)
  25 gnolls
  10 adders
  3 white imps
  3 ufetubi
  4 worms
  A dart slug (D:5)
  22 orcs
  9 ball pythons
  8 endoplasms
  2 giant cockroaches
  9 goblins
  15 hobgoblins
  5 jackals (D:5)
  8 kobolds
  4 quokkas
  2 bats (D:1)
  4 frilled lizards
  6 rats
245 creatures vanquished.

Vanquished Creatures (collateral kills)
  A centaur (D:7)
  6 gnolls
  2 orcs (D:7)
  2 jackals (D:5)
11 creatures vanquished.

Vanquished Creatures (others)
  Blork the orc (D:4)
  A scorpion (D:5)
  A gnoll shaman (D:5)
  3 gnolls
  3 fungi (D:9)
  12 plants
21 creatures vanquished.

Grand Total: 277 creatures vanquished

Notes
Turn   | Place    | Note
-------+----------+-------------------------------------------
     0 | D:1      | Armakuni the Demigod Artificer began the quest for the Orb.
     0 | D:1      | Reached XP level 1. HP: 15/15 MP: 3/3
    31 | D:1      | Reached skill level 1 in Fighting
   480 | D:1      | Reached skill level 1 in Maces & Flails
   509 | D:1      | Reached XP level 2. HP: 11/23 MP: 4/4
  1979 | D:2      | Reached XP level 3. HP: 25/29 MP: 5/5
  2165 | D:2      | Found Hyghei's Antique Weapon Shop.
  2945 | D:3      | Reached XP level 4. HP: 37/37 MP: 6/6
  2951 | D:3      | Noticed Ijyb
  2971 | D:3      | Killed Ijyb
  3295 | D:3      | Noticed a human
  3299 | D:3      | Found a runed translucent door.
  4039 | D:3      | Reached XP level 5. HP: 45/45 MP: 7/7
  4114 | D:4      | Found Fesiofoe's Distillery.
  4324 | D:4      | Found Yqoexzao's Book Boutique.
  4396 | D:4      | Found Egoampux's Book Shoppe.
  4438 | D:4      | Found Fyipiotu's Magic Scroll Shoppe.
  4474 | D:4      | Found Bepno's Magic Scroll Shoppe.
  4741 | D:4      | Reached XP level 6. HP: 48/52 MP: 8/8
  4769 | D:4      | Noticed Blork the orc
  4793 | D:4      | Your ally died
  5179 | D:5      | Entered Level 5 of the Dungeon
  5710 | D:5      | Reached skill level 5 in Fighting
  5714 | D:5      | Reached XP level 7. HP: 56/61 MP: 9/9
  5752 | D:5      | Reached skill level 5 in Maces & Flails
  6263 | D:5      | Learned a level 2 spell: Wereblood
  7299 | D:6      | Reached skill level 5 in Armour
  7299 | D:6      | Reached skill level 1 in Dodging
  7379 | D:6      | Reached XP level 8. HP: 50/68 MP: 10/10
  8427 | D:6      | Reached skill level 5 in Dodging
  8692 | D:7      | Found a staircase to the Ecumenical Temple.
  9503 | D:7      | Reached XP level 9. HP: 64/75 MP: 11/11
  9592 | D:7      | Noticed Dowan
  9608 | D:7      | Killed Dowan
  9692 | D:7      | Noticed Duvessa
  9704 | D:7      | Killed Duvessa
 10706 | D:8      | Noticed a death yak
 11523 | D:8      | Found a staircase to the Lair.
 11712 | D:8      | Paralysed by a hornet for 3 turns
 11912 | D:9      | Noticed Psyche
 11923 | D:9      | Killed Psyche
 12174 | D:9      | Reached XP level 10. HP: 86/90 MP: 13/13
 13288 | D:8      | Reached skill level 1 in Staves
 13296 | D:8      | Noticed a rust devil
 14810 | D:9      | Reached skill level 5 in Staves
 15220 | D:9      | Found a runed translucent gate.
 15220 | D:9      | Found a runed translucent gate.
 15220 | D:9      | Found a runed translucent gate.
 15220 | D:9      | Noticed a green ugly thing
 15220 | D:9      | Noticed a glowing orange brain
 15220 | D:9      | Noticed a white very ugly thing
 15221 | D:9      | Noticed a green ugly thing
 15221 | D:9      | Noticed a green ugly thing
 15658 | D:10     | Entered Level 10 of the Dungeon
 16068 | D:10     | Reached skill level 1 in Shields
 16185 | D:10     | Found a flagged portal.
 16203 | Bailey   | Entered a bailey
 16228 | Bailey   | Noticed an orc knight
 16261 | Bailey   | Killed an orc knight
 16262 | Bailey   | Reached XP level 11. HP: 27/94 MP: 14/14
 16381 | Bailey   | Noticed a sixfirhy
 16385 | Bailey   | HP: 3/95 [kobold demonologist/+0 war axe (5)]
 16386 | Bailey   | Slain by a rust devil

Illustrated notes

Levels and vault maps discovered:
D:1:      dpeg_arrival_more_subterranean_lakeside_camping, layout_basic,
          serial_bayou_pond_d
D:2:      layout_loops_corners, serial_shops, nicolae_shop_statue_plus,
          wander_ebering_terrifying_dragon_lair
D:3:      minmay_spotlight, layout_loops_ring, dk_yredelemnul_ordeal,
          hellmonk_ecumenical_altar_blasted, uniq_ijyb
D:4:      layout_basic, nicolae_ru_path_of_blood, serial_shops, shop,
          kennysheep_mini, shop, shop, shop, uniq_blork_the_orc
D:5:      layout_basic, lemuel_coloured_pillars_altar,
          nicolae_vehumet_altar_sigil, minmay_misc_feat_more_columns,
          kennysheep_generic_room_11
D:6:      layout_loops_ring, nicolae_hepliaklqana_hazy_memory,
          lemuel_round_altar, gup_sewer_entry_bubbles
D:7:      layout_cave_pods, minmay_temple_entry_sparse_star, uniq_duvessa
D:8:      layout_cave_pools, david_lair_generic, special_room
          [special_room_kobold]
D:9:      kennysheep_seaside_town, layout_long_grid,
          ploomutoo_gammafunk_ghost_potion_laboratory, uniq_psyche
D:10:     layout_loops_ring, tso_metal_star, nicolae_dithmenos_shadow_blocks,
          kennysheep_mini_moat, enter_bailey_5, chequers_avenue,
          minmay_liquid_box, nicolae_twisting_strands
Bailey:   bailey_axe_of_yendor_kennysheep, bailey

Skill      XL: |  1  2  3  4  5  6  7  8  9 10 |
---------------+-------------------------------+-----
Fighting       | 1 2 3 4 5 6 8 |  8.5
Maces & Flails | 1 2 3 4 5 |  5.0
Armour         | 5 6 8 |  8.5
Dodging        | 2 5 |  5.0
Staves         | 7 |  7.5
Shields        | 4 |  4.0
Stealth        | |  0.8
Evocations     | |  2.6

Action                   |  1- 3 |  4- 6 |  7- 9 | 10-12 || total
-------------------------+-------+-------+-------+-------++-------
Melee: Club              |   131 |    43 |   350 |   394 ||   918
       Flail             |    14 |    69 |       |       ||    83
Throw: Dart              |       |       |    11 |     1 ||    12
       Throwing net      |       |       |       |     3 ||     3
 Abil: Evoke Invisibilit |       |       |       |     1 ||     1
Evoke: Piece from Xom's  |    11 |     3 |    14 |    10 ||    38
       Wand              |    17 |    23 |    12 |     5 ||    57
  Use: Scroll            |       |    13 |     7 |     9 ||    29
       Potion            |       |       |     3 |     6 ||     9
 Stab: Petrified         |    18 |       |    14 |       ||    32
       Paralysed         |     4 |     4 |     8 |    17 ||    33
       Confused          |     2 |       |       |       ||     2
       Sleeping          |     1 |       |       |       ||     1
       Distracted        |       |       |     2 |     8 ||    10
       Invisible         |       |       |       |     2 ||     2
Armor: Leather armour    |     9 |       |       |       ||     9
       Ring mail         |    32 |    41 |   147 |    69 ||   289
       Troll leather arm |       |       |       |   116 ||   116
Dodge: Dodged            |    64 |    67 |   231 |   270 ||   632
Block: Buckler           |       |       |       |    29 ||    29

Table legend: (Time is in decaauts)
 A = Elapsed time spent in this place.
 B = Non-inter-level travel time spent in this place.
 C = Inter-level travel time spent in this place.
 D = Time resting spent in this place.
 E = Time spent auto-exploring this place.
 F = Levels seen in this place.
 G = Mean time per level.
                   A        B        C        D        E       F      G
               +--------+--------+--------+--------+--------+-----+--------+
         Total |  16552 |  15858 |    694 |   5125 |   6769 |  11 | 1504.7 |
       Dungeon |  16371 |  15677 |    694 |   5068 |   6734 |  10 | 1637.1 |
        Bailey |    181 |    181 |      0 |     57 |     35 |   1 |  181.0 |
               +--------+--------+--------+--------+--------+-----+--------+

Top non-repeatable levels by time:
     D:7: 3591 daAuts
     D:9: 2030 daAuts
     D:1: 1778 daAuts
     D:6: 1773 daAuts
     D:5: 1469 daAuts
     D:4: 1453 daAuts
     D:3: 1397 daAuts
     D:2: 1167 daAuts
     D:8: 1165 daAuts
    D:10: 544 daAuts
  Bailey: 181 daAuts
